 Dungeon Crawl Stone Soup version 0.30-a0-1116-gebefce21f7 (webtiles) character file.

Game seed: 10281438455986834954

23775 Firecrotchwizard the Fighter (level 13, -2/105 HPs)
             Began as a Djinni Conjurer on Apr 22, 2023.
             Was a Priest of Makhleb.
             Slain by an eight-headed hydra (12 damage)
             ... on level 4 of the Lair of Beasts.
             The game lasted 00:55:12 (16254 turns).

Firecrotchwizard the Fighter (Djinni Conjurer)     Turns: 16254, Time: 00:55:13

Health: -2/105     AC: 11    Str:  8    XL:     13   Next: 37%
Gold:   526        EV: 15    Int: 32    God:    Makhleb [***...] SH: 11 Dex: 13

rFire   + + .      SeeInvis .    N - +4 trident (venom)
rCold   x . .      Faith    .    a - +1 buckler of Ytseom {Str+2 Int+2}
rNeg    . . .      Spirit   .    b - +0 steam dragon scales
rPois   ∞          Reflect  +    (no helmet)
rElec   .          Rampage  .    r - +2 cloak {rPois}
rCorr   .                        p - +2 pair of gloves
Will    +....                    (boots unavailable)
Stlth   ++                       q - amulet of reflection
HPRegen 0.37/turn                m - +6 ring of intelligence
MPRegen 0.00/turn                (no ring)

@: about to teleport, flying
A: sickness immunity, fire resistance 2, cold vulnerability 1, float, innate
caster, HP casting, extra vitality 1
a: Renounce Religion, Minor Destruction, Lesser Servant of Makhleb


You were on level 4 of the Lair of Beasts.
You worshipped Makhleb.
Makhleb was most pleased with you.
You visited 3 branches of the dungeon, and saw 16 of its levels.

You collected 851 gold pieces.
You spent 325 gold pieces at shops.

Inventory:

Hand Weapons
 F - a +0 trident of chaos
 N - a +4 trident of venom (weapon)
Missiles
 d - 65 poisoned darts
 E - a throwing net {@!f}
Armour
 a - the +1 buckler of Ytseom (worn) {Str+2 Int+2}
   (You acquired it on level 1 of the Lair of Beasts)

   Str:       It affects your strength (+2).
   Int:       It affects your intelligence (+2).
 b - +0 steam dragon scales (worn)
 p - a +2 pair of gloves (worn)
 r - a +2 cloak of poison resistance (worn)
Magical Staves
 o - a staff of air
 J - a staff of fire
Jewellery
 m - a +6 ring of intelligence (left hand)
 q - an amulet of reflection (around neck)
 G - a ring of willpower
Wands
 k - a wand of polymorph (11)
 D - a wand of flame (41)
 H - a wand of digging (3)
 I - a wand of roots (10)
Scrolls
 f - 2 scrolls of fog
 g - a scroll of blinking
 i - 4 scrolls of identify
 j - 4 scrolls of fear
 t - 6 scrolls of teleportation
 w - 2 scrolls of enchant weapon
 z - 4 scrolls of poison
Potions
 c - 2 potions of attraction {unknown}
 h - 12 potions of curing
 l - 8 potions of mutation
 s - a potion of resistance
 u - 4 potions of brilliance
 B - 3 potions of heal wounds {unknown}
 K - 3 potions of lignification {unknown}
 L - a potion of haste {unknown}
Miscellaneous
 M - a tin of tremorstones (2/2)


   Skills:
 + Level 14.3 Fighting
 + Level 9.3 Dodging
 - Level 1.5 Stealth
 + Level 7.1 Shields
 - Level 9.8 Spellcasting
 + Level 2.3 Invocations


You knew the following spells:

 Your Spells              Type           Power      Damage    Failure   Level
a - Magic Dart            Conj           100%       1d8       1%          1
b - Searing Ray           Conj           100%       2d8       1%          2
c - Dazzling Flash        Conj/Hex       100%       N/A       1%          3
d - Fulminant Prism       Conj/Hex       34%        3d15      1%          4
e - Iskenderun's Mystic   Conj/Tloc      68%        2d14      1%          4
f - Necrotise             Necr           100%       1d9       1%          1
g - Wereblood             Tmut           68%        N/A       1%          2
h - Ignite Poison         Fire/Tmut/Pois 68%        N/A       1%          3
i - Mephitic Cloud        Conj/Pois/Air  68%        N/A       1%          3
j - Leda's Liquefaction   Hex/Erth       34%        N/A       1%          4
k - Summon Forest         Summ/Tloc      34%        N/A       1%          5
Your spell library was empty.

Dungeon Overview and Level Annotations

Branches:
Dungeon (11/15)            Temple (1/1) D:6            Lair (4/5) D:10
  Swamp (0/4) Lair:3       Spider (0/4) Lair:2          Orc (0/2) D:10
  Slime: Lair:4-5

Altars:
Elyvilon
Gozag
Hepliaklqana
Makhleb
Nemelex Xobeh
Okawaru
Qazlal
Ru
Trog
Uskayaw
Wu Jian
Xom
Yredelemnul
Zin
The Shining One

Shops:
D:1 [   D:7 :   D:10 *

Annotations:
D:2 Sigmund


Innate Abilities, Weirdness & Mutations

You are immune to sickness and miasma.
You are immune to poison.
Your flesh is very heat resistant. (rF++)
You are vulnerable to cold. (rC-)
You float through the air rather than walking.
You learn spells naturally, not from books.
Your magical power is your life essence.
You have superior vitality. (+4 MHP)


Message History

A black mamba comes into view.
Found a leather armour.
A bullfrog comes into view.
The bullfrog gives a loud, deep croak!
The black mamba hisses angrily.
An eight-headed hydra comes into view.
Found 16 gold pieces.
You block the black mamba's attack.
Casting: Mephitic Cloud (safe; 1% risk of failure)
Confirm with . or Enter, or press ? or * to list all spells.
Aiming: Mephitic Cloud (safe; 1% risk of failure)
Press: ? - help, Shift-Dir - straight line, f - black mamba
Aim: a black mamba (not susceptible)
The ball explodes into a vile cloud!
The stinking cloud engulfs the black mamba but does no damage.
The stinking cloud engulfs the bullfrog but does no damage.
The stinking cloud engulfs you but does no damage.
You hear an angry hiss.
The bullfrog is engulfed in noxious fumes.
The bullfrog appears confused.
You block the bullfrog's attack. The black mamba barely misses you.
You closely miss the bullfrog. The black mamba closely misses you.
The bullfrog is engulfed in noxious fumes.
The black mamba completely misses you.
You puncture the eight-headed hydra!
The eight-headed hydra is lightly wounded.
The bullfrog is engulfed in noxious fumes.
The bullfrog appears confused.
The bullfrog misses you. You block the black mamba's attack.
You block the eight-headed hydra's attack.
The eight-headed hydra barely misses you.
The eight-headed hydra closely misses you.
The eight-headed hydra misses you.
The eight-headed hydra bites you but does no damage.
The eight-headed hydra bites you.
The eight-headed hydra bites you but does no damage.
The eight-headed hydra closely misses you.
You puncture the eight-headed hydra!
The eight-headed hydra is moderately wounded.
The black mamba bites you but does no damage.
The bullfrog is engulfed in noxious fumes.
The bullfrog appears confused.
The black mamba bites you but does no damage.
The eight-headed hydra misses you.
You block the eight-headed hydra's attack.
The eight-headed hydra barely misses you.
The eight-headed hydra closely misses you.
The eight-headed hydra bites you.
You block the eight-headed hydra's attack.
The eight-headed hydra bites you.
You block the eight-headed hydra's attack.
You puncture the eight-headed hydra!
The eight-headed hydra is moderately wounded.
The black mamba closely misses you. You block the black mamba's attack.
The eight-headed hydra bites you. The eight-headed hydra bites you!
The eight-headed hydra bites you.
The eight-headed hydra bites you but does no damage.
The eight-headed hydra completely misses you.
You block the eight-headed hydra's attack.
The eight-headed hydra bites you but does no damage. x2
The bullfrog is engulfed in noxious fumes.
The bullfrog appears confused.
The bullfrog closely misses you.
The black mamba bites you but does no damage.
The eight-headed hydra bites you but does no damage.
The eight-headed hydra completely misses you.
The eight-headed hydra bites you! The eight-headed hydra bites you.
You block the eight-headed hydra's attack.
The eight-headed hydra barely misses you.
You block the eight-headed hydra's attack.
The eight-headed hydra bites you but does no damage.
You puncture the eight-headed hydra!
The eight-headed hydra is poisoned.
The eight-headed hydra is heavily wounded.
The bullfrog is engulfed in noxious fumes.
The bullfrog appears confused.
The black mamba closely misses you. You block the bullfrog's attack.
The black mamba bites you but does no damage.
The eight-headed hydra bites you but does no damage.
You block the eight-headed hydra's attack. x3
The eight-headed hydra bites you!
* * * LOW HITPOINT WARNING * * *
The eight-headed hydra bites you!
* * * LOW HITPOINT WARNING * * *
The eight-headed hydra bites you but does no damage. x2
As you read the scroll of teleportation, it crumbles to dust.
You feel strangely unstable. The bullfrog barely misses you.
The black mamba bites you!
* * * LOW HITPOINT WARNING * * *
The eight-headed hydra bites you but does no damage. x3
The eight-headed hydra bites you!
* * * LOW HITPOINT WARNING * * *
You block the eight-headed hydra's attack.
The eight-headed hydra bites you but does no damage.
The eight-headed hydra bites you.
* * * LOW HITPOINT WARNING * * *
The eight-headed hydra bites you.
* * * LOW HITPOINT WARNING * * *
The black mamba closely misses you.
Unknown command.
You hit the bullfrog.
The bullfrog is poisoned.
The bullfrog is lightly wounded.
The black mamba closely misses you. The eight-headed hydra bites you!
You die...

##...#.## ## ###(..####
####....## ##P# #..##
####...P.### ##..# ##.#
..####.....###...## #
### ..................#
.# .....P.#.........##
..#
.....#....#P...PP.#..##
#...P###.###...F°S....#
....## ### ###..@D...#
#..## #....°..# ....
###....[... ##.#
..##..... #.# ..... $..
..#. ... #.. ...# ..


You could see an eight-headed hydra (very poisoned), a black mamba and a
bullfrog (confused, very poisoned).

Vanquished Creatures
  2 boulder beetles
  12 elephants
  A black mamba (Lair:2)
  A demonic crawler (Lair:2)
  8 cane toads
  A rime drake (Lair:1)
  A komodo dragon (Lair:2)
  A troll (D:10)
  2 polar bears
  9 blink frogs (Lair:4)
  A hornet (D:9)
  4 wyverns
  33 yaks
  A vampire (D:9)
  Eustachio (D:5)
  2 steam dragons
  Menkaure (D:5)
  A swamp worm (Lair:3)
  6 water moccasins
  A sky beast (D:7)
  3 orc warriors
  A black bear (D:7)
  2 ogres (D:6)
  10 wolves
  6 centaurs
  A phantom (D:5)
  5 kobold brigands
  3 gnoll sergeants
  4 scorpions
  8 bullfrogs
  15 wights
  11 killer bees
  3 howler monkeys
  5 orc priests
  A jelly (D:5)
  2 hounds
  2 gnoll boudas
  An iguana (D:5)
  5 orc wizards
  12 adders
  46 gnolls
  A shadow imp (D:6)
  7 white imps
  An ufetubus (D:5)
  6 worms
  3 dart slugs
  39 orcs
  5 ball pythons
  4 endoplasms
  5 giant cockroaches
  5 goblins
  10 hobgoblins
  25 jackals
  4 quokkas
  8 bats
  A frilled lizard (D:1)
  23 kobolds
  3 rats
385 creatures vanquished.

Vanquished Creatures (others)
  40 fulminant prisms
  14 fungi
  23 plants
77 creatures vanquished.

Grand Total: 462 creatures vanquished

Notes
Turn   | Place    | Note
-------+----------+-------------------------------------------
     0 | D:1      | Firecrotchwizard the Djinni Conjurer began the quest for
                  | the Orb.
     0 | D:1      | Firecrotchwizard set off with the following spells
                  | memorised: Magic Dart, Searing Ray, Dazzling Flash,
                  | Fulminant Prism, Iskenderun's Mystic Blast.
     0 | D:1      | Reached XP level 1. HP: 15/15 MP: 0/0
   216 | D:1      | Reached XP level 2. HP: 19/22 MP: 0/0
   240 | D:1      | Reached skill level 1 in Fighting
   456 | D:1      | Reached XP level 3. HP: 23/27 MP: 0/0
   456 | D:1      | Learned a level 1 spell: Necrotise
   497 | D:1      | Found Gufiloxt's Antique Armour Boutique.
   697 | D:1      | Reached skill level 2 in Fighting
   942 | D:2      | Noticed Sigmund
  1004 | D:2      | Reached XP level 4. HP: 28/33 MP: 0/0
  1212 | D:2      | Reached XP level 5. HP: 25/39 MP: 0/0
  1212 | D:2      | Learned a level 2 spell: Wereblood
  2031 | D:3      | Reached skill level 3 in Fighting
  2607 | D:3      | Reached XP level 6. HP: 43/46 MP: 0/0
  3177 | D:4      | Reached skill level 4 in Fighting
  3289 | D:4      | Found a white marble altar of Elyvilon.
  3358 | D:1      | Bought a glowing cloak for 195 gold pieces
  4058 | D:5      | Entered Level 5 of the Dungeon
  4114 | D:5      | Reached XP level 7. HP: 45/53 MP: 0/0
  4114 | D:5      | Learned a level 3 spell: Ignite Poison
  4181 | D:5      | Noticed Menkaure
  4186 | D:5      | Killed Menkaure
  4187 | D:5      | Reached skill level 5 in Fighting
  4187 | D:5      | Reached skill level 5 in Spellcasting
  4220 | D:5      | Found a sacrificial altar of Ru.
  4321 | D:5      | Found a sparkling altar of Nemelex Xobeh.
  4470 | D:5      | Reached XP level 8. HP: 35/60 MP: 0/0
  4576 | D:5      | Found a glowing golden altar of the Shining One.
  4779 | D:5      | Noticed Eustachio
  4790 | D:5      | Killed Eustachio
  4791 | D:5      | Reached skill level 6 in Fighting
  5073 | D:5      | Found a bloodstained altar of Trog.
  5089 | D:5      | Found a glowing silver altar of Zin.
  6133 | D:5      | Reached skill level 7 in Fighting
  6589 | D:6      | Reached XP level 9. HP: 21/68 MP: 0/0
  6589 | D:6      | Learned a level 3 spell: Mephitic Cloud
  6776 | D:6      | Found a staircase to the Ecumenical Temple.
  7199 | D:7      | Reached skill level 8 in Fighting
  7946 | D:7      | Found Ximnouffimm's Book Shop.
  8235 | D:7      | Reached skill level 9 in Fighting
  8306 | D:8      | Reached XP level 10. HP: 31/78 MP: 0/0
  8589 | D:8      | Found an opulent altar of Gozag.
  8849 | D:8      | Reached skill level 10 in Fighting
  9072 | Temple   | Entered the Ecumenical Temple
  9088 | Temple   | Became a worshipper of Makhleb the Destroyer
  9205 | D:8      | Found a basalt altar of Yredelemnul.
  9630 | D:9      | Identified the +0 battleaxe "Patwur" {flame, *Corrode rF+
                  | Str+6 Stlth+}
  9870 | D:9      | Found an ornate altar of the Wu Jian Council.
  9929 | D:9      | Reached * piety under Makhleb
 10103 | D:9      | Reached skill level 11 in Fighting
 10557 | D:9      | Reached XP level 11. HP: 73/87 MP: 0/0
 10557 | D:9      | Learned a level 4 spell: Leda's Liquefaction
 10677 | D:10     | Entered Level 10 of the Dungeon
 10857 | D:10     | Found a staircase to the Orcish Mines.
 10974 | D:10     | Reached ** piety under Makhleb
 11195 | D:10     | Reached skill level 12 in Fighting
 11313 | D:10     | Found Weteumpe's General Store.
 11319 | D:10     | Bought a potion of resistance for 130 gold pieces
 11619 | D:10     | Found a hazy altar of Hepliaklqana.
 11739 | D:10     | Found a hide-covered altar of Uskayaw.
 11739 | D:10     | Found a shimmering altar of Xom.
 11748 | D:10     | Found a faded altar of an unknown god.
 11750 | D:10     | Found an iron altar of Okawaru.
 11752 | D:10     | Found a faded altar of an unknown god.
 11776 | D:10     | Found a staircase to the Lair.
 11815 | D:10     | Reached skill level 5 in Dodging
 11879 | Lair:1   | Entered Level 1 of the Lair of Beasts
 11932 | Lair:1   | Identified a scroll of acquirement
 11932 | Lair:1   | Acquired the +1 buckler of Ytseom {Str+2 Int+2}
 12012 | Lair:1   | Found a shimmering altar of Xom.
 12015 | Lair:1   | Noticed a boulder beetle
 12022 | Lair:1   | Killed a boulder beetle
 12023 | Lair:1   | Reached skill level 1 in Shields
 12204 | Lair:1   | Noticed an elephant
 12207 | Lair:1   | Reached XP level 12. HP: 91/96 MP: 0/0
 12262 | Lair:1   | Reached skill level 13 in Fighting
 12426 | Lair:1   | Found a frozen archway.
 13400 | Lair:2   | Found a hole to the Spider Nest.
 13422 | Lair:2   | Reached skill level 5 in Shields
 13691 | Lair:2   | Reached *** piety under Makhleb
 14743 | Lair:3   | Found a staircase to the Swamp.
 14756 | Lair:3   | Reached XP level 13. HP: 93/104 MP: 0/0
 14756 | Lair:3   | Learned a level 5 spell: Summon Forest
 14953 | Lair:3   | Reached skill level 14 in Fighting
 15855 | Lair:4   | Reached skill level 1 in Invocations
 16245 | Lair:4   | Noticed an eight-headed hydra
 16254 | Lair:4   | Slain by an eight-headed hydra

Illustrated notes

Levels and vault maps discovered:
D:1:      mrwooster_arrival_arrow, layout_rooms, serial_shops, shop
D:2:      layout_basic, serial_corexii_hall, corexii_hall_statues_s,
          chequers_hall_statues_y, uniq_sigmund
D:3:      layout_basic, kennysheep_generic_room_12
D:4:      layout_basic, overflow_temple_1_default
D:5:      lemuel_castle_with_subvaults [lemuel_castle_interior_carwin_1],
          layout_loops_ring, nicolae_overflow_quartered_altars,
          nicolae_tso_carved_into_rock, st_stairs_4, uniq_eustachio,
          uniq_menkaure
D:6:      layout_cave_pools, minmay_temple_entry_mini_moons
D:7:      layout_cave_pools, serial_shops, kennysheep_mini
D:8:      layout_basic, mainiacjoe_overflow_six_doors_small,
          mainiacjoe_overflow_concentric_impassable
D:9:      layout_long_grid, nicolae_overflow_squiral
D:10:     layout_rooms, chequers_temple_overflow_minitemple, marbit_many_paths,
          lair_entry_dummy, orc_0_dummy, serial_shops, kennysheep_little_box
D:11:     layout_cave_pools
Temple:   hellmonk_temple_forest_ring
Lair:1:   layout_roguey, portal_ice_cave_entry_pillars_1, basic_altar,
          st_stairs_5, grunt_megastairs_4
Lair:2:   layout_loops_ring, nicolae_spider_entry_non_spiders
Lair:3:   layout_big_grid, minmay_swamp_entry_worms,
          nicolae_quartered_pool_little
Lair:4:   layout_misc_corridors, gammafunk_ghost_arena

Skill      XL: |  1  2  3  4  5  6  7  8  9 10 11 12 13 |
---------------+----------------------------------------+-----
Fighting       | 1 2 3 4 5 7 9 11 12 13 14 | 14.3
Spellcasting   | 4 5 6 7 9 |  9.8
Dodging        | 5 8 9 |  9.3
Shields        | 1 5 7 |  7.1
Invocations    | 2 |  2.3
Stealth        | |  1.5

Action                     |  1- 3 |  4- 6 |  7- 9 | 10-12 | 13-15 || total
---------------------------+-------+-------+-------+-------+-------++-------
  Melee: Unarmed           |     1 |       |       |       |       ||     1
         Dagger            |    11 |   119 |       |       |       ||   130
         Punch             |       |     5 |     1 |     4 |       ||    10
         Whip              |       |    35 |    94 |       |       ||   129
         Rapier            |       |       |   165 |       |       ||   165
         Trident           |       |       |    42 |   366 |   144 ||   552
  Throw: Throwing net      |       |       |       |     1 |       ||     1
   Cast: Magic Dart        |    93 |    85 |    51 |    20 |       ||   249
         Searing Ray       |     1 |     5 |    29 |    12 |       ||    47
         Fulminant Prism   |       |       |     6 |    34 |       ||    40
         Mephitic Cloud    |       |       |     6 |    32 |     7 ||    45
         Ignite Poison     |       |       |     3 |    12 |     3 ||    18
         Dazzling Flash    |       |       |       |     2 |       ||     2
    Use: Scroll            |       |       |       |    20 |     1 ||    21
   Stab: Sleeping          |     1 |     2 |     1 |     1 |     1 ||     6
         Confused          |       |       |       |    12 |     5 ||    17
         Held in net/web   |       |       |       |     1 |       ||     1
 Armour: Robe              |     9 |    36 |    88 |    17 |       ||   150
         Steam dragon scal |       |       |       |    73 |    55 ||   128
  Dodge: Dodged            |    45 |   117 |   187 |   209 |    95 ||   653
  Block: Other             |       |     3 |    81 |    26 |       ||   110
         Reflection        |       |       |     1 |     2 |       ||     3
         Buckler           |       |       |       |   136 |   101 ||   237

Table legend: (Time is in decaauts)
 A = Elapsed time spent in this place.
 B = Non-inter-level travel time spent in this place.
 C = Inter-level travel time spent in this place.
 D = Time resting spent in this place.
 E = Time spent auto-exploring this place.
 F = Levels seen in this place.
 G = Mean time per level.
                   A        B        C        D        E       F      G
               +--------+--------+--------+--------+--------+-----+--------+
         Total |  16414 |  15720 |    694 |   4265 |   8746 |  16 | 1025.9 |
       Dungeon |  11947 |  11343 |    604 |   2741 |   6665 |  11 | 1086.1 |
        Temple |     27 |      8 |     19 |      0 |      5 |   1 |   27.0 |
          Lair |   4439 |   4369 |     70 |   1524 |   2076 |   4 | 1109.8 |
               +--------+--------+--------+--------+--------+-----+--------+

Top non-repeatable levels by time:
     D:5: 2348 daAuts
  Lair:2: 1680 daAuts
     D:2: 1301 daAuts
    D:10: 1272 daAuts
     D:7: 1247 daAuts
  Lair:1: 1178 daAuts
  Lair:3: 1157 daAuts
     D:9: 1139 daAuts
     D:8: 1087 daAuts
     D:3: 1058 daAuts
     D:4: 885 daAuts
     D:1: 816 daAuts
     D:6: 788 daAuts
  Lair:4: 423 daAuts
  Temple: 27 daAuts
